 Dungeon Crawl Stone Soup version 0.29-a0-451-gfbfa42419e (webtiles) character file.

Game seed: 3277345458612948004

5 bwicke the Caller (level 1, 0/7 HPs)
             Began as a Felid Summoner on May 19, 2022.
             Slain by a bat (1 damage)
             ... on level 1 of the Dungeon.
             The game lasted 00:00:36 (236 turns).

bwicke the Caller (Felid Summoner)                   Turns: 236, Time: 00:00:37

Health: 0/7        AC:  1    Str:  4    XL:     1   Next: 66%
Magic:  2/4        EV: 17    Int: 16    God:
Gold:   0          SH:  0    Dex: 16    Spells: 3/4 levels left
                                        Lives:  0   Deaths: 0

rFire   . . .      SeeInvis +   (weapon unavailable)
rCold   . . .      Faith    .   (shield unavailable)
rNeg    . . .      Spirit   .   (body armour unavailable)
rPois   .          Reflect  .   (helmet unavailable)
rElec   .          Harm     .   (cloak unavailable)
rCorr   .          Rampage  .   (gloves unavailable)
Will    .....                   (boots unavailable)
Stlth   ++........              (no amulet)
HPRegen 0.02/turn               (no ring)
MPRegen 0.09/turn               (no ring)

@: quick
A: very small, claws 1, fangs 3, see invisible, speed 1, shaggy fur 1, stealthy
paws, no weapons or thrown items, no armour, multi-lived
a: no special abilities


You were on level 1 of the Dungeon.
You visited 1 branch of the dungeon, and saw 1 of its levels.

Inventory:

Missiles
 d - 15 stones
Potions
 a - a potion of magic
 b - a potion of might {unknown}
 c - a potion of cancellation {unknown}


   Skills:
 - Level 2.6 Dodging
 - Level 2.6 Stealth
 - Level 2.0 Spellcasting
 + Level 4.3 Summonings


You had 3 spell levels left.
You knew the following spells:

 Your Spells              Type           Power      Damage    Failure   Level
a - Summon Small Mammal   Summ           60%        N/A       3%          1

Your spell library contained the following spells:

 Spells                   Type           Power      Damage    Failure   Level
 Call Imp                 Summ           15%        N/A       5%          2
 Call Canine Familiar     Summ           15%        N/A       11%         3
 Summon Guardian Golem    Hex/Summ       8%         N/A       26%         3
 Summon Lightning Spire   Summ/Air       8%         N/A       65%         4


Dungeon Overview and Level Annotations

Branches:
Dungeon (1/15)

Altars:


Innate Abilities, Weirdness & Mutations

You have sharp claws.
You have razor-sharp teeth.
You have supernaturally acute eyesight. (SInv)
You cover ground quickly. (Speed+)
You are covered in fur. (AC +1)
Your paws help you pounce on unaware monsters.
You are incapable of wielding weapons or throwing items.
You cannot wear armour.
You gain extra lives every three experience levels.


Message History

Found a leather armour.
A bat comes into view.
Casting: Summon Small Mammal (safe; 3% risk of failure)
Press: ? - help, Q - select action Dir - look around, f - activate
Casting: Summon Small Mammal (safe; 3% risk of failure)
Press: ? - help, Q - select action Dir - look around, f - activate The bat hits your rat but does no damage.
A frilled lizard comes into view.
The bat misses your rat. The kobold hits you with a +0 club.
You scratch the kobold.
You kill the kobold!
The bat hits your rat but does no damage.
A bat comes into view.
The bat barely misses your rat.
Found 10 gold pieces.
The bat hits your rat.
Your rat barely misses the bat.
The bat hits your rat.
Your rat dies!
Your rat's corpse disappears in a puff of smoke!
Things that are here:
a +0 club; a kobold corpse You scratch the frilled lizard.
You kill the frilled lizard!
The bat misses you. x2
You closely miss the bat. The bat closely misses you.
The bat completely misses you. x2; The bat barely misses you.
You closely miss the bat.
The frilled lizard hisses angrily.
The bat hits you. The bat closely misses you. The bat hits you.
Your rat barely misses the frilled lizard.
The frilled lizard bites your rat. The bat closely misses you.
The bat hits you.
* * * LOW HITPOINT WARNING * * *
You closely miss the bat. The bat completely misses you. The bat hits you.
* * * LOW HITPOINT WARNING * * *
Your rat bites the frilled lizard.
The frilled lizard dies!
The bat closely misses you. The bat attacks as you move away!
The bat barely misses you. x2
The bat hits you.
You die...

##### #...# #[..#
#...# #...# #...#
#.r.# #...# #...#
#...###
#...#####.....#
#.............##.#
#..@###.#.........#
#.bb# #..#.##.....#
#†..# ##...## #.#
.....# ##...## #.#
....####
##...####.## ......
#.#...##.#. ......
###.###.##... .....
............# $....
##..#####..##


You could see 2 bats and a friendly rat (summoned).

Vanquished Creatures
  A frilled lizard (D:1)
  A kobold (D:1)
2 creatures vanquished.

Vanquished Creatures (collateral kills)
  2 hobgoblins (D:1)
  2 frilled lizards (D:1)
4 creatures vanquished.

Grand Total: 6 creatures vanquished

Notes
Turn   | Place    | Note
-------+----------+-------------------------------------------
     0 | D:1      | bwicke the Felid Summoner began the quest for the Orb.
     0 | D:1      | Reached XP level 1. HP: 7/7 MP: 4/4
   236 | D:1      | Slain by a bat

Illustrated notes

Levels and vault maps discovered:
D:1:      spicycebolla_arrival_xxxplode, layout_rooms

Action                   || total
-------------------------++-------
Melee: Unarmed           ||    12
 Cast: Summon Small Mamm ||     3
Dodge: Dodged            ||    17

Table legend: (Time is in decaauts)
 A = Elapsed time spent in this place.
 B = Non-inter-level travel time spent in this place.
 C = Inter-level travel time spent in this place.
 D = Time resting spent in this place.
 E = Time spent auto-exploring this place.
 F = Levels seen in this place.
 G = Mean time per level.
                   A        B        C        D        E       F      G
               +--------+--------+--------+--------+--------+-----+--------+
         Total |    211 |    211 |      0 |      0 |    183 |   1 |  211.0 |
       Dungeon |    211 |    211 |      0 |      0 |    183 |   1 |  211.0 |
               +--------+--------+--------+--------+--------+-----+--------+

Top non-repeatable levels by time:
     D:1: 211 daAuts
